 Dungeon Crawl Stone Soup version 0.21.0-3-g78d12a8 (webtiles) character file.

3705 shmeve the Blocker (level 9, -21/81 HPs)
             Began as a Minotaur Berserker on Jan 11, 2018.
             Was an Elder of Trog.
             Demolished by a two-headed ogre
             ... wielding a +0 giant spiked club
              (26 damage)
             ... on level 8 of the Dungeon.
             The game lasted 00:13:12 (6009 turns).

shmeve the Blocker (Minotaur Berserker)             Turns: 6009, Time: 00:13:12

Health: -21/81     AC: 12    Str: 29    XL:     9   Next: 91%
Magic:  8/8        EV:  9    Int:  4    God:    Trog [****..]
Gold:   269        SH: 12    Dex:  9    Spells: 8/8 levels left

rFire    + . .     SeeInvis .   y - +0 war axe
rCold    . . .     Gourm    .   l - +1 buckler
rNeg     . . .     Faith    .   e - +0 plate armour
rPois    .         Spirit   .   (helmet restricted)
rElec    .         Reflect  +   (no cloak)
rCorr    .         Harm     .   (no gloves)
MR       ++...                  (no boots)
Stlth    ..........             s - +5 amulet of reflection
HPRegen  1.23/turn              o - +3 ring of strength
MPRegen  0.11/turn              n - ring of protection from fire

@: lethally poisoned (-21 -> -22), berserk cooldown, starving, regenerating,
slowed, very slow
A: retaliatory headbutt, horns 2
a: Berserk, Trog's Hand, Brothers in Arms, Burn Spellbooks, Renounce Religion


You were on level 8 of the Dungeon.
You worshipped Trog.
Trog was greatly pleased with you.
You were starving.

You visited 1 branch of the dungeon, and saw 8 of its levels.

You collected 365 gold pieces.
You spent 96 gold pieces at shops.

Inventory:

Hand Weapons
 y - a +0 war axe (weapon)
Missiles
 b - 2 throwing nets
 x - 12 tomahawks (quivered)
Armour
 e - a +0 plate armour (worn)
 l - a +1 buckler (worn)
Jewellery
 n - a ring of protection from fire (right hand)
 o - a +3 ring of strength (left hand)
 s - a +5 amulet of reflection (around neck)
Wands
 f - a wand of flame (30)
 r - a wand of polymorph (16)
Scrolls
 i - 3 scrolls of identify
 k - a scroll of enchant armour
 m - 2 scrolls of enchant weapon
 q - 2 scrolls of teleportation
 t - 3 scrolls of remove curse
Potions
 a - 2 potions of brilliance
 d - 4 potions of heal wounds
 g - 3 potions of might
 h - 2 potions of flight
 p - 2 potions of curing
Comestibles
 c - 17 rations


   Skills:
 * Level 8.3 Fighting
 * Level 8.3 Axes
 + Level 4.0 Throwing
 + Level 5.6 Armour
 + Level 5.1 Dodging
 * Level 9.9 Shields


You had 8 spell levels left.
You didn't know any spells.

Dungeon Overview and Level Annotations

Branches:
Dungeon (8/15)             Temple (0/1) D:4
   Lair: D:8-11

Altars:
Ashenzari
Fedhas
Okawaru
Ru
Sif Muna
Uskayaw

Shops:
D:6 ?

Annotations:
D:8 Grum; nonceun's ghost, novice MiBe


Innate Abilities, Weirdness & Mutations

You reflexively headbutt those who attack you in melee.
You have a pair of horns on your head.


Message History

The two-headed ogre hits you with a giant spiked club.
* * * LOW HITPOINT WARNING * * *
The orc hits you but does no damage. The wolf barely misses you.
You furiously retaliate!
You headbutt the wolf!
You feel very sick. The killer bee stings you.
* * * LOW HITPOINT WARNING * * *
You block the wolf's attack. The wolf bites you but does no damage.
You block the killer bee's attack. The wolf bites you but does no damage.
Nonceun's ghost barely misses you. You furiously retaliate!
You headbutt nonceun's ghost, but do no damage.
The orc closely misses you.
Grum hits you from afar with an enchanted spear!
* * * LOW HITPOINT WARNING * * *
The wolf bites you.
* * * LOW HITPOINT WARNING * * *
The killer bee barely misses you. You block the orc's attack.
The wolf bites you but does no damage.
The two-headed ogre hits you with a giant spiked club!!
You die...

##### #.<.####
. #......
....###...#
.....{O@y.#
.....yWhho.?...
.....hYog.###..
...##.....# .#
....#..
..#.)....
.....###..#
#..### ...


You could see a two-headed ogre, Grum, an ice beast, 2 wolves, a hound, 2 killer
bees, nonceun's ghost and 2 orcs.

Vanquished Creatures
  Pikel (D:4)
  Grinder (D:5)
  Prince Ribbit (D:5)
  2 orc warriors
  A sky beast (D:6)
  4 slaves (D:4)
  The ghost of dakvas the Cudgeler, an amateur MiFi (D:3)
  4 ogres
  2 necrophages (D:7)
  2 wolves (D:8)
  2 centaurs (D:7)
  6 bullfrogs
  3 scorpions
  4 killer bees (D:8)
  3 howler monkeys
  A crimson imp (D:5)
  2 hounds
  4 orc wizards
  A bullfrog skeleton (D:6)
  Terence (D:2)
  Natasha (thrice) (D:2)
  4 iguanas
  4 worker ants
  A worker ant zombie (D:5)
  Robin (D:2)
  10 gnolls
  8 adders
  2 oozes
  An adder zombie (D:7)
  5 worms
  3 dart slugs
  3 leopard geckos
  18 orcs
  2 bats (D:3)
  3 giant cockroaches
  16 goblins
  9 hobgoblins
  6 jackals
  8 kobolds
  4 quokkas
  A ball python (D:1)
  5 frilled lizards
  A leopard gecko zombie (D:6)
  A quokka skeleton (D:4)
  5 rats
170 creatures vanquished.

Notes
Turn   | Place    | Note
-------+----------+-------------------------------------------
     0 | D:1      | shmeve the Minotaur Berserker began the quest for the Orb.
     0 | D:1      | Reached XP level 1. HP: 19/19 MP: 0/0
   284 | D:1      | Reached XP level 2. HP: 27/27 MP: 1/1
   704 | D:2      | Noticed Robin
   707 | D:2      | Reached XP level 3. HP: 33/33 MP: 2/2
   713 | D:2      | Reached ** piety under Trog
   717 | D:2      | Killed Robin
   719 | D:2      | Reached skill level 1 in Throwing
   763 | D:2      | Noticed Natasha
   774 | D:2      | Killed Natasha
   774 | D:2      | Reached XP level 4. HP: 21/41 MP: 3/3
   850 | D:2      | Noticed Natasha
   857 | D:2      | Killed Natasha
   899 | D:2      | Reached XP level 5. HP: 47/47 MP: 4/4
   933 | D:2      | Noticed Natasha
   935 | D:2      | Found a shattered altar of Ashenzari.
   939 | D:2      | Killed Natasha
   939 | D:2      | Reached skill level 5 in Fighting
   969 | D:2      | Reached skill level 5 in Axes
   989 | D:2      | Noticed Terence
   996 | D:2      | Killed Terence
  1409 | D:3      | Noticed dakvas's ghost (amateur MiFi)
  1418 | D:3      | Killed dakvas's ghost
  1418 | D:3      | Reached skill level 2 in Shields
  1418 | D:3      | Reached XP level 6. HP: 56/56 MP: 5/5
  1489 | D:3      | Reached skill level 3 in Shields
  1654 | D:3      | Reached *** piety under Trog
  1946 | D:3      | Found a sacrificial altar of Ru.
  1946 | D:3      | Found a deep blue altar of Sif Muna.
  2091 | D:3      | Reached skill level 4 in Shields
  2183 | D:4      | Noticed Pikel
  2183 | D:4      | Noticed a slave
  2184 | D:4      | Noticed a slave
  2184 | D:4      | Noticed a slave
  2185 | D:4      | Noticed a slave
  2191 | D:4      | Killed a slave
  2196 | D:4      | Killed a slave
  2198 | D:4      | Killed a slave
  2200 | D:4      | Killed a slave
  2202 | D:4      | Killed Pikel
  2202 | D:4      | Reached skill level 7 in Shields
  2202 | D:4      | Reached XP level 7. HP: 51/61 MP: 6/6
  2597 | D:4      | Found a staircase to the Ecumenical Temple.
  3392 | D:5      | Entered Level 5 of the Dungeon
  3566 | D:5      | Noticed Grinder
  3566 | D:5      | Paralysed by Grinder for 5 turns
  3576 | D:5      | Reached XP level 8. HP: 69/69 MP: 7/7
  3589 | D:5      | Killed Grinder
  3589 | D:5      | Reached skill level 8 in Shields
  3627 | D:5      | Found a blossoming altar of Fedhas.
  3849 | D:5      | Found a hide-covered altar of Uskayaw.
  3897 | D:5      | Noticed Prince Ribbit
  3921 | D:5      | Killed Prince Ribbit
  4430 | D:6      | Found Tytavu's Magic Scroll Boutique.
  4450 | D:6      | Bought a scroll of identify for 24 gold pieces
  4450 | D:6      | Bought a scroll of identify for 24 gold pieces
  4450 | D:6      | Bought a scroll of identify for 24 gold pieces
  4450 | D:6      | Bought a scroll of identify for 24 gold pieces
  4544 | D:6      | Reached XP level 9. HP: 73/78 MP: 8/8
  4544 | D:6      | Reached skill level 9 in Shields
  4745 | D:6      | Reached **** piety under Trog
  4851 | D:6      | Found an iron altar of Okawaru.
  5314 | D:7      | Reached skill level 5 in Armour
  5992 | D:8      | Noticed nonceun's ghost (novice MiBe)
  5995 | D:8      | Reached skill level 5 in Dodging
  5997 | D:8      | Noticed a two-headed ogre
  6003 | D:8      | Noticed Grum
  6009 | D:8      | Demolished by a two-headed ogre

Skill      XL: |  1  2  3  4  5  6  7  8  9 |
---------------+----------------------------+-----
Fighting       | 4 5 6 8 |  8.3
Axes           | 4 5 6 8 |  8.3
Throwing       | 1 3 4 |  4.0
Armour         | 3 4 5 |  5.6
Dodging        | 3 4 5 |  5.1
Shields        | 2 7 8 9 |  9.9

Action                   |  1- 3 |  4- 6 |  7- 9 || total
-------------------------+-------+-------+-------++-------
Melee: Hand axe          |    44 |   142 |    59 ||   245
       Headbutt          |     5 |    18 |    46 ||    69
       War axe           |       |       |   167 ||   167
Throw: Tomahawk          |       |       |     9 ||     9
Invok: Berserk           |     2 |     4 |     5 ||    11
       Trog's Hand       |     1 |     1 |     2 ||     4
       Burn Spellbooks   |       |       |     2 ||     2
  Use: Scroll            |       |       |    18 ||    18
 Stab: Distracted        |     1 |       |       ||     1
  Eat: Chunk             |     1 |     9 |    16 ||    26
Armor: Ring mail         |     9 |     7 |       ||    16
       Animal skin       |     1 |       |       ||     1
       Scale mail        |       |    27 |       ||    27
       Chain mail        |       |       |    63 ||    63
       Plate armour      |       |       |    66 ||    66
Dodge: Dodged            |    25 |    99 |    96 ||   220
Block: Buckler           |       |    15 |   101 ||   116
       Reflection        |       |       |     1 ||     1
